 Dungeon Crawl Stone Soup version 0.32-a0-350-g4f4d228785 (webtiles) character file.

Game seed: 10268653405630871075

15 Asceticacid the Firebug (level 2, 20/20 HPs)
             Began as a Mountain Dwarf Fire Elementalist on Feb 17, 2024.
             Quit the game on level 1 of the Dungeon.
             The game lasted 00:01:21 (217 turns).

Asceticacid the Firebug (MDFE)                       Turns: 217, Time: 00:01:22

Health: 20/20      AC:  2    Str: 10    XL:     2   Next: 34%
Magic:  4/4        EV: 12    Int: 15    God:
Gold:   19         SH:  0    Dex: 10    Spells: 3/4 levels left

rFire   . . .        (no weapon)
rCold   . . .        (no shield)
rNeg    . . .        a - +0 robe
rPois   .            (no helmet)
rElec   .            (no cloak)
rCorr   .            (no gloves)
SInv    .            (no boots)
Will    .....        (no amulet)
Stlth   ++           (no ring)
HPRegen 0.23/turn    (no ring)
MPRegen 0.09/turn

%: no passive effects
@: no status effects
A: runic magic, artefact enchanting
a: no special abilities


You were on level 1 of the Dungeon.
You visited 1 branch of the dungeon, and saw 1 of its levels.

You collected 19 gold pieces.

Inventory:

Missiles
 c - a throwing net
Armour
 a - a +0 robe (worn)
Potions
 b - a potion of magic


   Skills:
 + Level 1.8 Dodging
 + Level 1.5 Stealth
 + Level 1.7 Spellcasting
 + Level 0.8 Conjurations
 + Level 4.0 Fire Magic


You had 3 spell levels left.
You knew the following spells:

 Your Spells              Type           Power      Damage    Failure   Level
a - Foxfire               Conj/Fire      32%        2x1d5     9%          1

Your spell library contained the following spells:

 Spells                   Type           Power      Damage    Failure   Level
 Scorch                   Fire           26%        2d6       7%          2
 Inner Flame              Hex/Fire       7%         N/A       30%         3
 Volatile Blastmotes      Fire/Tloc      14%        2d11      30%         3
 Flame Wave               Conj/Fire      8%         2d5       63%         4


Dungeon Overview and Level Annotations

Branches:
Dungeon (1/15)

Altars:


Innate Abilities, Weirdness & Mutations

Your spellcasting is much less encumbered by armour.
You can use scrolls of enchantment on lesser artefacts.


Message History

You barely miss the hobgoblin.
The hobgoblin is heavily wounded.
The hobgoblin closely misses you.
You hit the hobgoblin.
The hobgoblin is severely wounded.
The hobgoblin hits you.
You hit the hobgoblin but do no damage.
The hobgoblin is severely wounded.
The hobgoblin hits you.
You are too injured to fight recklessly!
You hit the hobgoblin.
The hobgoblin is almost dead.
The hobgoblin barely misses you.
You are too injured to fight recklessly!
You hit the hobgoblin.
You kill the hobgoblin!
The ball python bites you. The ball python misses you.
You are too injured to fight recklessly!
You hit the ball python.
The ball python is moderately wounded.
The ball python bites you.
* * * LOW HITPOINT WARNING * * *
The ball python barely misses you.
You closely miss the ball python.
The ball python is moderately wounded.
The ball python bites you but does no damage.
The ball python barely misses you.
You hit the ball python.
You kill the ball python!
You hit the kobold.
You kill the kobold!
Your Fire Magic skill increases to level 4!
Things that are here:
a +0 short sword; a ball python corpse
Things that are here:
a +0 short sword; a ball python corpse You start resting.
HP restored.
Okay, then.
Are you sure you want to abandon this character and quit the game? (Confirm with "yes".)

### ###### ..## #######.....
...##### #.......###.
.~.....### ### #).S....# #†
........~## ##.## #.......# #.
.P.~.P.[..###..†######.......#
#g
~~[....~..##....@............#
#.
P...P.P.......########.......#
#g P.........~...# #.......#
#S ..P......P...## #.......#
#K .......~.....# #.......+ #.
P~.....P....## #.......# ##
PP~.....##..# ##......#...
.P.~##~P #.## #+####.#...
~~.#.~.# #.# #...


There were no monsters in sight!

Vanquished Creatures
  An endoplasm (D:1)
  3 hobgoblins (D:1)
  3 ball pythons (D:1)
  A frilled lizard (D:1)
  A kobold (D:1)
9 creatures vanquished.

Vanquished Creatures (others)
  2 foxfires (D:1)
2 creatures vanquished.

Grand Total: 11 creatures vanquished

Notes
Turn   | Place    | Note
-------+----------+-------------------------------------------
     0 | D:1      | Asceticacid the Mountain Dwarf Fire Elementalist began the
                  | quest for the Orb.
     0 | D:1      | Reached XP level 1. HP: 14/14 MP: 3/3
   130 | D:1      | Reached XP level 2. HP: 20/20 MP: 0/4
   163 | D:1      | Reached skill level 4 in Fire Magic
   217 | D:1      | Quit the game

Illustrated notes

Levels and vault maps discovered:
D:1:      lemuel_arrival_muddy, layout_basic, serial_shops,
          nicolae_shop_rolling_square

Skill      XL: |  1  2 |
---------------+-------+-----
Fire Magic     | 4 |  4.0
Dodging        | |  1.8
Stealth        | |  1.5
Spellcasting   | |  1.7
Conjurations   | |  0.8

Action                     || total
---------------------------++-------
  Melee: Unarmed           ||    24
   Cast: Foxfire           ||     7
 Armour: Robe              ||    13
  Dodge: Dodged            ||    20

Table legend: (Time is in decaauts)
 A = Elapsed time spent in this place.
 B = Non-inter-level travel time spent in this place.
 C = Inter-level travel time spent in this place.
 D = Time resting spent in this place.
 E = Time spent auto-exploring this place.
 F = Levels seen in this place.
 G = Mean time per level.
                   A        B        C        D        E       F      G
               +--------+--------+--------+--------+--------+-----+--------+
         Total |    217 |    217 |      0 |     51 |     85 |   1 |  217.0 |
       Dungeon |    217 |    217 |      0 |     51 |     85 |   1 |  217.0 |
               +--------+--------+--------+--------+--------+-----+--------+

Top non-repeatable levels by time:
     D:1: 217 daAuts
